AoeStats
← Nakoda

Arena

519633035Analyzed
4v4 RM · 8d ago on Nov 8, 2026· 36m 48s· 8 players
Game mode
Random Map
Map size
Large (8 player)
Population
200
Speed
Normal
Resources
Standard
Victory
Conquest
Starting age
Dark Age
Ending age
Imperial Age
RankedLock teamsTeams togetherTeam positionsShared explorationLock speedFull tech treeHidden civsTurbo modeCheats
Victory
Defeat
🇨🇳 Inca · China
704
+11
🇨🇳 Inca · China
692
+18
🇦🇷 Aztecs · Argentina
669
+12
🇮🇳 Dravidians · India
499
+17
vs
🇷🇺 Goths · Russia
672
-16
🇹🇷 Britons · Türkiye
612
-15
🇹🇷 Inca · Türkiye
577
-13
🇷🇺 Danes · Russia
398
-8
VitoScaletta
10:48 Feudal Age
11:07 Champi Runner
14:50 Scale Mail Armor
18:02 Forging
18:38 Double-Bit Axe
22:29 Castle Age
22:20 Gold Mining
22:21 Stone Mining
23:50 Bow Saw
23:22 Horse Collar
26:08 Heavy Plow
29:03 Pikeman
32:10 Gold Shaft Mining
Light
hsqvrn
4:34 Loom
11:33 Feudal Age
12:12 Double-Bit Axe
12:54 Horse Collar
14:13 Gold Mining
19:03 Stone Mining
21:17 Castle Age
20:32 Forging
20:22 Scale Mail Armor
20:30 Fletching
22:49 Bow Saw
24:54 Iron Casting
24:35 Chain Mail Armor
25:27 Squires
27:40 Anarchy
29:10 Wheelbarrow
32:27 Imperial Age
29:57 Town Watch
30:36 Town Watch
32:03 Hand Cart
32:21 Chain Mail Armor
32:37 Town Patrol
33:45 Stone Shaft Mining
33:26 Masonry
33:18 Capped Ram
35:14 Conscription
34:59 Bodkin Arrow
Pusat_209
13:10 Feudal Age
11:26 Loom
13:38 Horse Collar
13:49 Double-Bit Axe
17:04 Gold Mining
25:26 Castle Age
24:03 Wheelbarrow
24:47 Fletching
Bruno Mars
11:31 Feudal Age
17:34 Castle Age
18:47 Double-Bit Axe
19:46 Gold Mining
19:44 Horse Collar
20:44 Wheelbarrow
20:55 Bow Saw
20:49 Stone Mining
21:31 Squires
24:14 Gambesons
27:48 Caravan
28:27 Heavy Plow
28:19 Arson
30:13 Hand Cart
30:02 Loom
30:39 Ballistics
34:09 Imperial Age
31:28 Town Watch
32:28 Atlatl
32:07 Elite Skirmisher
33:12 Town Patrol
35:16 Garland Wars
35:13 Elite Jaguar Warrior
36:54 Forging
36:44 Scale Mail Armor
36:35 Fletching
36:45 Padded Archer Armor
37:28 Crop Rotation
38:05 Chemistry
Nakoda
10:18 Feudal Age
20:59 Castle Age
32:20 Pikeman
32:47 Gambesons
33:56 Medical Corps
LividBasil9157
13:58 Feudal Age
13:36 Loom
15:22 Wheelbarrow
14:37 Double-Bit Axe
14:33 Horse Collar
14:44 Gold Mining
14:46 Stone Mining
23:11 Castle Age
24:17 Hand Cart
24:17 Bow Saw
24:08 Heavy Plow
24:44 Gold Shaft Mining
24:45 Stone Shaft Mining
31:05 Imperial Age
32:59 Crop Rotation
34:02 Conscription
33:44 Fabric Shields
Alexander Isak
11:04 Feudal Age
14:38 Castle Age
12:31 Double-Bit Axe
13:48 Horse Collar
16:55 Bow Saw
18:04 Wheelbarrow
21:45 Gold Mining
22:20 Stone Mining
22:34 Loom
24:06 Hand Cart
25:52 Stone Shaft Mining
29:05 Imperial Age
27:43 Gold Shaft Mining
27:10 Scale Mail Armor
27:20 Forging
28:46 Chain Mail Armor
28:41 Forging
29:03 Squires
28:48 Arson
29:18 Treadmill Crane
29:11 Elite Kamayuk
30:42 Plate Mail Armor
30:40 Conscription
30:29 Capped Ram
32:30 Iron Casting
32:41 Fabric Shields
35:21 Blast Furnace
35:32 Siege Ram
Connection lost

Rejoining the realm…

Still unreachable

The connection could not be restored.

Session expired

The server has moved on; the page needs a fresh start.